 Dungeon Crawl Stone Soup version 0.27-a0-1532-gca18f49f40 (webtiles) character file.

Game seed: 13421156576630260651

1543 robertstho the Cleaver (level 8, 0/70 HPs)
             Began as a Hill Orc Berserker on July 12, 2021.
             Was a Priest of Trog.
             Slain by a yak (5 damage)
             ... on level 6 of the Dungeon.
             The game lasted 00:05:30 (6786 turns).

robertstho the Cleaver (Hill Orc Berserker)         Turns: 6786, Time: 00:05:31

Health: 0/70       AC: 10    Str: 22    XL:     8   Next: 87%
Magic:  8/8        EV:  9    Int:  7    God:    Trog [***...]
Gold:   266        SH:  5    Dex: 10    Spells: 7/7 levels left

rFire    . . .     SeeInvis .   a - +0 hand axe
rCold    . . .     Faith    .   (no shield)
rNeg     . . .     Spirit   .   r - +0 chain mail
rPois    .         Reflect  +   (no helmet)
rElec    .         Harm     .   (no cloak)
rCorr    .         Rampage  .   (no gloves)
Will     .....                  (no boots)
Stlth    ..........             f - amulet of reflection
HPRegen  0.21/turn              (no ring)
MPRegen  0.11/turn              (no ring)

@: about to teleport, on berserk cooldown, slowed, very slow
A: no striking features
a: Renounce Religion, Berserk, Trog's Hand


You were on level 6 of the Dungeon.
You worshipped Trog.
Trog was most pleased with you.
You visited 1 branch of the dungeon, and saw 6 of its levels.

You collected 266 gold pieces.

Inventory:

Hand Weapons
 a - a +0 hand axe (weapon)
 n - a +2 flail of protection
Armour
 r - a +0 chain mail (worn)
Jewellery
 f - an amulet of reflection (around neck)
Wands
 k - a wand of iceblast (3)
 l - a wand of charming (10)
 o - a wand of acid (9)
Scrolls
 e - 4 scrolls of identify
 g - 2 scrolls of teleportation
 h - 2 scrolls of vulnerability
 p - 2 scrolls of enchant weapon {unknown}
Potions
 b - a potion of might
 c - a potion of flight
 i - a potion of attraction
 m - a potion of magic


   Skills:
 + Level 6.1 Fighting
 + Level 9.4 Axes
 + Level 7.0 Armour
 + Level 3.0 Dodging
 + Level 1.4 Stealth
 + Level 1.7 Shields


You had 7 spell levels left.
You didn't know any spells.
Your spell library was empty.

Dungeon Overview and Level Annotations

Branches:
Dungeon (6/15)             Temple (0/1) D:5

Altars:

Shops:
D:4 (


Message History

The yak is heavily wounded.
You slash the yak!
You kill the yak!
Trog accepts your kill.
You barely miss the yak. The yak closely misses you.
Your Armour skill increases to level 7!
You slash the yak!
The yak is severely wounded.
You hit the yak. x2; The yak barely misses you.
Unknown command.
You closely miss the yak.
The yak is severely wounded.
You completely miss the yak. You slash the yak! The yak gores you!
The yak completely misses you.
Unknown command.
You closely miss the yak.
The yak is severely wounded.
You hit the yak. x2; The yak gores you but does no damage.
The yak gores you!
* * * LOW HITPOINT WARNING * * *
Unknown command.
You hit the yak.
The yak is almost dead.
You hit the yak. You slash the yak! The yak gores you.
* * * LOW HITPOINT WARNING * * *
You block the yak's attack.
Unknown command.
You completely miss the yak.
The yak is almost dead.
You barely miss the yak. You hit the yak but do no damage. The yak gores you!
* * * LOW HITPOINT WARNING * * *
The yak gores you!
* * * LOW HITPOINT WARNING * * *
Unknown command.
You feel a strong urge to attack something.
You are no longer berserk.
You are exhausted.
You feel yourself slow down.
As you read the scroll of teleportation, it crumbles to dust.
You feel strangely unstable. The yak gores you.
You die...

.... #........##
#... ....
##......### ##.#
... .#......###
### ......
..........# ...
.#....#...# ....
#..###..## .....
####.##...#
#....#
#....##..##
###...##.@......#
......†#Y.#..#..#
......YY........#
......)#..###.###
......###.# ###
##.... ### .....
....# ##..


You could see 3 yaks.

Vanquished Creatures
  Sigmund (D:4)
  A vampire (D:6)
  3 yaks (D:6)
  Edmund (D:4)
  An orc warrior (D:5)
  An ogre (D:4)
  A centaur (D:6)
  2 scorpions (D:4)
  An oklob sapling (D:5)
  A hound (D:5)
  A centaur zombie (D:6)
  A bullfrog skeleton (D:6)
  2 iguanas (D:5)
  2 orc wizards (D:5)
  4 adders
  3 worms (D:2)
  A dart slug (D:4)
  9 orcs
  4 bats
  4 endoplasms
  A giant cockroach (D:2)
  7 hobgoblins
  3 jackals (D:3)
  7 kobolds
  4 quokkas
  4 ball pythons
  3 frilled lizards
  3 goblins
  3 rats
79 creatures vanquished.

Vanquished Creatures (others)
  A demonic plant (D:2)
  10 plants
  4 withered plants (D:2)
15 creatures vanquished.

Grand Total: 94 creatures vanquished

Notes
Turn   | Place    | Note
-------+----------+-------------------------------------------
     0 | D:1      | robertstho the Hill Orc Berserker began the quest for the
                  | Orb.
     0 | D:1      | Reached XP level 1. HP: 19/19 MP: 1/1
   402 | D:1      | Reached XP level 2. HP: 27/27 MP: 2/2
  1054 | D:2      | Reached XP level 3. HP: 29/33 MP: 3/3
  1066 | D:2      | Reached skill level 5 in Axes
  1727 | D:2      | Found a faded altar of an unknown god.
  1734 | D:2      | Reached ** piety under Trog
  1758 | D:2      | Reached XP level 4. HP: 40/40 MP: 4/4
  3430 | D:4      | Noticed a scorpion
  3438 | D:4      | Killed a scorpion
  3439 | D:4      | Reached XP level 5. HP: 47/47 MP: 5/5
  3637 | D:4      | Reached skill level 6 in Axes
  3871 | D:4      | Found Tiaghyvu's Antique Weapon Boutique.
  3882 | D:4      | Noticed an ogre
  3894 | D:4      | Killed an ogre
  3895 | D:4      | Reached XP level 6. HP: 23/55 MP: 6/6
  4570 | D:4      | Noticed Sigmund
  4591 | D:4      | Killed Sigmund
  4592 | D:4      | Reached skill level 5 in Fighting
  4592 | D:4      | Reached skill level 7 in Axes
  4592 | D:4      | Reached XP level 7. HP: 61/61 MP: 7/7
  4622 | D:4      | Noticed Edmund
  4652 | D:4      | Killed Edmund
  5017 | D:5      | Entered Level 5 of the Dungeon
  5038 | D:5      | Reached skill level 1 in Stealth
  5220 | D:5      | Found a staircase to the Ecumenical Temple.
  5236 | D:5      | Reached skill level 5 in Armour
  5466 | D:5      | Reached skill level 8 in Axes
  6054 | D:5      | Reached XP level 8. HP: 66/69 MP: 8/8
  6386 | D:6      | Reached *** piety under Trog
  6419 | D:6      | Noticed a vampire
  6443 | D:6      | Killed a vampire
  6760 | D:6      | Noticed a yak
  6760 | D:6      | Noticed a yak
  6760 | D:6      | Noticed a yak
  6760 | D:6      | Noticed a yak
  6760 | D:6      | Noticed a yak
  6760 | D:6      | Noticed a yak
  6770 | D:6      | Killed a yak
  6771 | D:6      | Reached skill level 1 in Shields
  6774 | D:6      | Killed a yak
  6775 | D:6      | Reached skill level 9 in Axes
  6778 | D:6      | Killed a yak
  6786 | D:6      | Slain by a yak

Illustrated notes

Levels and vault maps discovered:
D:1:      amcnicky_arrival_feature_with_door, layout_loops_cross
D:2:      layout_basic, shapermc_ecumenical_altar_gd
D:3:      layout_basic, grunt_ministairs_1, corexii_item_surrounded_by_moat,
          serial_bayou_pond_d
D:4:      layout_basic, serial_shops, nicolae_shop_overgrown_old_shop,
          sigmund_edmund_badplayer
D:5:      layout_loops_cross, minmay_temple_entry_oklob
D:6:      layout_cave_pools

Skill      XL: |  1  2  3  4  5  6  7  8 |
---------------+-------------------------+-----
Fighting       | 4 5 6 |  6.1
Axes           | 5 6 7 8 9 |  9.4
Dodging        | 2 3 |  3.0
Armour         | 3 4 5 7 |  7.0
Stealth        | 1 |  1.4
Shields        | 1 |  1.7

Action                   |  1- 3 |  4- 6 |  7- 9 || total
-------------------------+-------+-------+-------++-------
Melee: Hand axe          |    83 |   144 |   146 ||   373
Invok: Berserk           |     2 |     4 |     6 ||    12
  Use: Scroll            |     2 |     1 |     3 ||     6
       Potion            |       |       |     5 ||     5
Armor: Animal skin       |     3 |       |       ||     3
       Ring mail         |    19 |    47 |    12 ||    78
       Chain mail        |       |       |    40 ||    40
Dodge: Dodged            |    39 |    80 |    52 ||   171
Block: Other             |       |       |    19 ||    19
       Reflection        |       |       |     3 ||     3

Table legend: (Time is in decaauts)
 A = Elapsed time spent in this place.
 B = Non-inter-level travel time spent in this place.
 C = Inter-level travel time spent in this place.
 D = Time resting spent in this place.
 E = Time spent auto-exploring this place.
 F = Levels seen in this place.
 G = Mean time per level.
                   A        B        C        D        E       F      G
               +--------+--------+--------+--------+--------+-----+--------+
         Total |   6860 |   6712 |    148 |    939 |   5005 |   6 | 1143.3 |
       Dungeon |   6860 |   6712 |    148 |    939 |   5005 |   6 | 1143.3 |
               +--------+--------+--------+--------+--------+-----+--------+

Top non-repeatable levels by time:
     D:4: 1834 daAuts
     D:2: 1401 daAuts
     D:5: 1393 daAuts
     D:3: 1022 daAuts
     D:1: 1016 daAuts
     D:6: 192 daAuts
